[Event "Late-Titled-Tuesday-Blitz-June-18-2024"]
[Site "Chess.com"]
[Date "2024.06.18"]
[Round "2"]
[White "newyorkmouse"]
[Black "Igor_Lysyj"]
[Result "1/2-1/2"]
[WhiteElo "2584"]
[BlackElo "2843"]
[TimeControl "180+1"]
[EndTime "14:18:41 PDT"]
[Termination "Game drawn by agreement"]

1. a3 d5 2. Nf3 Nf6 3. c4 e6 4. g3 Be7 5. Bg2 O-O 6. O-O dxc4 7. Qa4 a6 8. Qxc4 b5 9. Qc2 Bb7 10. b3 c5 11. Bb2 Nbd7 12. d3 Rc8 13. Nbd2 Qb6 14.
Rac1 Rfd8 15. Qb1 Ne8 16. Qa1 Bf6 17. Rc2 Bxb2 18. Qxb2 Rc7 19. Rfc1 Rdc8 20. Nf1 h6 21. Ne3 Nef6 22. b4 Nd5 23. Nxd5 Bxd5 24. Ne5 Nxe5 25. Qxe5 Bxg2 26. Kxg2 c4 27. dxc4 Rxc4 28. Rxc4 bxc4 29.
Rc3 Qb5 30. Qd4 h5 31. f3 g6 32. Kf2 Qc6 33. e4 Qb5 34. Ke3 a5 35. bxa5 Qxa5 36.
Rxc4 Qxa3+ 37. Qd3 Qa7+ 38. Qd4 Qb8 39. Rxc8+ Qxc8 40. Kf2 Qc2+ 41. Kg1 Qc7 42. Qf6 Qd6 43.
Kg2 Qd2+ 44. Kg1 Qd1+ 45. Kg2 Qe2+ 46. Kg1 Qe1+ 47. Kg2 Qe2+ 1/2-1/2

[Event "Late-Titled-Tuesday-Blitz-June-18-2024"]
[Site "Chess.com"]
[Date "2024.06.18"]
[Round "2"]
[White "Itay121"]
[Black "GMAneta"]
[Result "1/2-1/2"]
[WhiteElo "2531"]
[BlackElo "2353"]
[TimeControl "180+1"]
[EndTime "14:18:41 PDT"]
[Termination "Game drawn by repetition"]

1. c4 Nf6 2. Nc3 g6 3. d4 Bg7 4. Nf3 O-O 5. g3 c5 6. d5 e6 7. Bg2 exd5 8. cxd5 d6 9. O-O a6 10. e4 b5 11. a3 Nbd7 12. Re1 Re8 13. Bf4 Qc7 14. Rc1 Ng4 15. b4 Nge5 16. bxc5 Nxc5 17. Nd4 Bd7 18. Nc6 Ned3 19. h4 Nxe1 20. Qxe1 Nd3 21.
Qd2 Nxc1 22. Qxc1 Bxc6 23. dxc6 Qxc6 24. e5 Qc4 25. Bd5 Qc5 26. Bxa8 Rxa8 27. Qd2 dxe5 28.
Be3 Qc4 29. Nd5 Re8 30. h5 gxh5 31. Bh6 f6 32. Bxg7 Kxg7 33. Ne3 Qe6 34. Qe2 Kg6 35.
Ng2 Qg4 36. Nh4+ Kg7 37. Qc2 e4 38. Qc7+ Kh8 39. Qf7 Qe6 40. Qxh5 e3 41. Ng6+ Kg7 42. Nf4 exf2+ 43. Kxf2 Qe1+ 44. Kg2 Re5 45. Qg4+ Rg5 46. Qd7+ Kh8 47. Qd8+ Kg7 48. Qd7+ Kh6 49. Qh3+ Kg7 50. Qd7+ 1/2-1/2

[Event "Late-Titled-Tuesday-Blitz-June-18-2024"]
[Site "Chess.com"]
[Date "2024.06.18"]
[Round "2"]
[White "GrotBchess"]
[Black "AlexeiShirov"]
[Result "0-1"]
[WhiteElo "2578"]
[BlackElo "2856"]
[TimeControl "180+1"]
[EndTime "14:18:42 PDT"]
[Termination "AlexeiShirov won by resignation"]

1. e4 e5 2. Nf3 Nc6 3. Bb5 f5 4. d3 fxe4 5. dxe4 Nf6 6. O-O Bc5 7. Qd3 Nd4 8. Nxd4 Bxd4 9. Bc4 c6 10. Be3 Bxb2 11.
Nc3 b5 12. Bb3 a5 13. a4 b4 14. Qc4 Rf8 15. Bc5 d5 16. exd5 Bxc3 17. dxc6 Qd5 18. Qb5 Ba6 19. Bxd5 Bxb5 20. axb5 Nxd5 21. Rad1 Bd4 22.
Bxd4 exd4 23. Rxd4 Nb6 24. Re1+ Kf7 25. c7 a4 26. Rxb4 Rfc8 27. Rf4+ Kg8 28. Re7 Nd5 29. Rff7 Nxe7 30. Rxe7 a3 31. b6 a2 32. h4 a1=Q+ 33.
Kh2 Qf6 34. Re3 Qxb6 0-1

[Event "Late-Titled-Tuesday-Blitz-June-18-2024"]
[Site "Chess.com"]
[Date "2024.06.18"]
[Round "2"]
[White "carloseduar100"]
[Black "Romkachess"]
[Result "0-1"]
[WhiteElo "2256"]
[BlackElo "2498"]
[TimeControl "180+1"]
[EndTime "14:18:42 PDT"]
[Termination "Romkachess won on time"]

1. d4 Nf6 2. Bg5 Ne4 3. h4 c5 4.
d5 h6 5. Bf4 d6 6. Nd2 Nxd2 7.
Qxd2 Bf5 8. Nf3 Nd7 9. e3 a6 10.
Bd3 Bxd3 11. cxd3 g6 12. e4 Bg7 13. O-O Qb6 14. Rab1 Nf6 15. b4 cxb4 16. Rxb4 Qc7 17. Rc1 Qd7 18. a4 Rc8 19. Rcb1 Rc7 20. a5 Ng4 21. d4 O-O 22. e5 Qf5 23. Rxb7 Rc2 24. exd6 exd6 25. Qxc2 Qxc2 26. R7b2 Qe4 27. Bxd6 Rc8 28.
Rb8 Rxb8 29. Rxb8+ Kh7 30. Rb6 Qxd5 31. Rxa6 Bxd4 32.
Nxd4 Qxd4 0-1

[Event "Late-Titled-Tuesday-Blitz-June-18-2024"]
[Site "Chess.com"]
[Date "2024.06.18"]
[Round "2"]
[White "andrzej"]
[Black "BillCoe"]
[Result "1-0"]
[WhiteElo "2450"]
[BlackElo "2079"]
[TimeControl "180+1"]
[EndTime "14:18:43 PDT"]
[Termination "andrzej won by resignation"]

1. d4 d5 2. Bf4 e6 3. e3 Nf6 4. Nf3 Bd6 5. Bg3 O-O 6. Nbd2 c5 7. c3 b6 8. Ne5 Qc7 9. f4 a5 10. Bd3 Ba6 11. Bc2 Nbd7 12. Qf3 cxd4 13. exd4 Rac8 14. a4 Rfe8 15. Kf2 Nf8 16. Bh4 Be7 17. Bxf6 Bxf6 18.
Rhe1 Ng6 19. Kg1 b5 20. axb5 Bxb5 21. Qh5 Rb8 22. Ndf3 Bc4 23. Reb1 Bb3 24. Bd3 Bc4 25. Bc2 Bb3 26. Bxb3 Rxb3 27. g3 Reb8 28. Ng4 Be7 29. f5 exf5 30. Qxf5 Rxb2 31. Rf1 Qxc3 32. Rac1 Qb4 33.
Kh1 Rf8 34. Qxd5 Rd8 35. Qe4 Bf8 36. Rcd1 a4 37. Ng5 f6 38. Qe6+ Kh8 39. Nf7+ 1-0

[Event "Late-Titled-Tuesday-Blitz-June-18-2024"]
[Site "Chess.com"]
[Date "2024.06.18"]
[Round "2"]
[White "Pitomina"]
[Black "imdarealist"]
[Result "1-0"]
[WhiteElo "2501"]
[BlackElo "2261"]
[TimeControl "180+1"]
[EndTime "14:18:44 PDT"]
[Termination "Pitomina won on time"]

1. g4 e5 2. Bg2 Ne7 3. h4 d5 4. d3 c6 5. g5 h5 6. Nc3 Ng6 7. e4 d4 8. Nce2 c5 9. Bh3 Nc6 10. f4 exf4 11. Nxf4 Bxh3 12. Ngxh3 Bd6 13. Qe2 Qe7 14. Nd5 Qd7 15. Nhf4 Nxf4 16. Bxf4 O-O-O 17. O-O-O Nb4 18. Bxd6 Nxd5 19. exd5 Qxd6 20. Rhf1 Qxd5 21. Qf3 Qxa2 22. Qxf7 Qa1+ 23. Kd2 Qxb2 24. Qc4 Qc3+ 25. Qxc3 dxc3+ 26. Kxc3 Rd4 27. Ra1 a6 28. Rf7 Rxh4 29. Rb1 b5 30. Ra1 Ra4 31. Re1 h4 32. g6 h3 33. Rxg7 h2 34. Rh7 Rxh7 35. gxh7 Rh4 36. Re8+ Kc7 37. h8=Q h1=Q 38. Qe5+ Kc6 39. Re6+ 1-0

[Event "Late-Titled-Tuesday-Blitz-June-18-2024"]
[Site "Chess.com"]
[Date "2024.06.18"]
[Round "2"]
[White "Tolya2"]
[Black "campochess"]
[Result "1-0"]
[WhiteElo "2482"]
[BlackElo "2193"]
[TimeControl "180+1"]
[EndTime "14:18:44 PDT"]
[Termination "Tolya2 won by checkmate"]

1. Nf3 c5 2. c4 Nc6 3. d4 cxd4 4. Nxd4 Nf6 5. Nc3 g6 6. g3 Bg7 7. Bg2 O-O 8. O-O a6 9. Nb3 d6 10. h3 Rb8 11. c5 Ne8 12. cxd6 Nxd6 13. Bf4 e5 14. Be3 Nc4 15. Bc1 Be6 16. Nc5 Qe7 17. Nxe6 Qxe6 18. b3 Nb6 19. Nd5 Nxd5 20. Qxd5 Qe7 21.
Be3 Rfd8 22. Qc5 Qxc5 23. Bxc5 Rd2 24. e3 e4 25. Rad1 Rxa2 26. Bxe4 Rc8 27. Rd7 Ne5 28.
Rd5 Ra5 29. b4 Rb5 30. Rfd1 Bf6 31. f4 Nc6 32. Bd3 Rxb4 33. Bxb4 Nxb4 34. Rd7 b5 35. Be4 Na2 36. Bd5 Nc3 37. Bxf7+ Kh8 38. R1d6 Ne4 39.
Rxa6 Nc5 40. Raa7 Nxd7 41. Rxd7 b4 42. Rb7 Bc3 43. Kf2 Rd8 44. Kf3 Be1 45. g4 Bc3 46. g5 Rf8 47. Bd5 Rd8 48. e4 Bd2 49. Kg4 Bc3 50. h4 Be1 51. h5 gxh5+ 52. Kxh5 Bd2 53.
f5 Bc3 54. f6 Rf8 55. Re7 Bd2 56. e5 Bc3 57. g6 hxg6+ 58. Kxg6 Rd8 59. Rh7# 1-0

[Event "Late-Titled-Tuesday-Blitz-June-18-2024"]
[Site "Chess.com"]
[Date "2024.06.18"]
[Round "2"]
[White "EliteChess0967"]
[Black "NailBashirli"]
[Result "0-1"]
[WhiteElo "2395"]
[BlackElo "2739"]
[TimeControl "180+1"]
[EndTime "14:18:45 PDT"]
[Termination "NailBashirli won by resignation"]

1. d4 Nf6 2. Nf3 e6 3. c4 b6 4. g3 Bb7 5. Bg2 Bb4+ 6. Bd2 a5 7. O-O Bxd2 8. Nbxd2 O-O 9. Qc2 d6 10. Rfd1 Nbd7 11. a3 Qe7 12. b4 e5 13. Nh4 Bxg2 14.
Nf5 Qe6 15. Kxg2 e4 16. Ne3 axb4 17. axb4 h5 18. h4 Rxa1 19. Rxa1 Re8 20. Ra7 c5 21.
bxc5 bxc5 22. Qc3 Ng4 23. d5 Nxe3+ 24. Qxe3 Qf5 25. Ra6 Nf6 26. Rxd6 Qe5 27. Rc6 Ng4 28. Qf4 Qd4 29. Nf1 Qxc4 30. d6 Qd5 31. Rc7 e3+ 32. Kg1 exf2+ 33. Qxf2 Nxf2 34. Kxf2 Qxd6 0-1

[Event "Late-Titled-Tuesday-Blitz-June-18-2024"]
[Site "Chess.com"]
[Date "2024.06.18"]
[Round "2"]
[White "Good_Knight_Kiss"]
[Black "crazy_machine"]
[Result "0-1"]
[WhiteElo "2368"]
[BlackElo "2630"]
[TimeControl "180+1"]
[EndTime "14:18:45 PDT"]
[Termination "crazy_machine won by checkmate"]

1. e4 c6 2. d4 d5 3. e5 Bf5 4. h4 h5 5. Bg5 Qb6 6. Bd3 Qxd4 7.
Nf3 Qg4 8. Bxf5 Qxf5 9. c4 e6 10. cxd5 cxd5 11. O-O Nd7 12. Qb3 Be7 13. Qxb7 Rb8 14. Qxa7 Bxg5 15. hxg5 h4 16. Nd4 Qg4 17. f3 Qxg5 18. Nc6 h3 19. g4 Rxb2 20. Qa8+ Nb8 21. Nxb8 Qe3+ 22. Kh1 f6 23. Qa4+ Kf7 24. Nc6 Qe2 25.
Qa7+ Kg6 26. Rf2 Qe1+ 27. Kh2 Rxf2+ 28. Kg3 Rg2+ 29. Kf4 Qc1+ 30. Qe3 Qxc6 31. Nc3 Kh7 32. Rh1 g5# 0-1

[Event "Late-Titled-Tuesday-Blitz-June-18-2024"]
[Site "Chess.com"]
[Date "2024.06.18"]
[Round "2"]
[White "pouya21"]
[Black "Orest_Vovk"]
[Result "1-0"]
[WhiteElo "2810"]
[BlackElo "2554"]
[TimeControl "180+1"]
[EndTime "14:18:48 PDT"]
[Termination "pouya21 won on time"]

1. e4 g5 2. d4 g4 3. Nc3 Bg7 4. Qxg4 Bxd4 5. Qd1 Bxc3+ 6. bxc3 c5 7. Be3 Qa5 8. Qd2 Nf6 9. f3 Nc6 10. c4 Qa3 11.
Bd3 d6 12. Ne2 Rg8 13. O-O Bh3 14.
Nf4 Be6 15. Rfb1 O-O-O 16. Rb3 Qa5 17. Qxa5 Nxa5 18. Ra3 Nc6 19. Nd5 Kb8 20. Rb1 Bxd5 21. cxd5 Ne5 22. Be2 h5 23. Rab3 b6 24. a4 Kc7 25. h3 h4 26. f4 Ned7 27. Bf3 e6 28. dxe6 fxe6 29. c4 d5 30. cxd5 exd5 31. e5 d4 32. Bf2 Ne8 33. Bxh4 Rb8 34. a5 Ng7 35. Bd5 Rgf8 36. Be7 Rxf4 37. Bd6+ Kc8 38. e6 Nf6 39. Bxf4 Nxd5 40. Bxb8 Kxb8 41. axb6 axb6 42. e7 Kc7 43. Rg3 Ne8 44. h4 c4 45. h5 c3 46. h6 1-0

[Event "Late-Titled-Tuesday-Blitz-June-18-2024"]
[Site "Chess.com"]
[Date "2024.06.18"]
[Round "2"]
[White "karinachess1"]
[Black "mishanick"]
[Result "0-1"]
[WhiteElo "2651"]
[BlackElo "3136"]
[TimeControl "180+1"]
[EndTime "14:18:49 PDT"]
[Termination "mishanick won on time"]

1. c4 e6 2. Nf3 d5 3. e3 Nf6 4.
Nc3 c6 5. b3 Nbd7 6. Bb2 Bd6 7.
Qc2 Qe7 8. Be2 b6 9. Rg1 Bb7 10. g4 h6 11. h4 e5 12. g5 hxg5 13. hxg5 Nh5 14. O-O-O g6 15. Kb1 a6 16. d3 b5 17.
Nd2 Ng7 18. Bf3 b4 19. Na4 Ne6 20. Be2 Rh2 21. Rdf1 Nxg5 22. Rxg5 Qxg5 23. Nf3 Qg2 24. Nxh2 Qxh2 25. Bf3 Qh3 26. Qe2 Qe6 27. Rh1 O-O-O 28. Rc1 Kb8 29. Qd2 a5 30. d4 e4 31. Be2 Qf6 32. cxd5 cxd5 33. Bb5 Qe6 34. Nc5 Bxc5 35. dxc5 Bc6 36. Qe2 Ka7 37. Bd4 Nb8 38. Rh1 Qd7 39.
Bxc6 Nxc6 40. Rh7 Qb7 41. Qg4 Rd7 42. Qf4 a4 43. Qf6 a3 44. Qf4 Ka6 0-1

[Event "Late-Titled-Tuesday-Blitz-June-18-2024"]
[Site "Chess.com"]
[Date "2024.06.18"]
[Round "2"]
[White "vi_pranav"]
[Black "Sondremelaa"]
[Result "1-0"]
[WhiteElo "3033"]
[BlackElo "2628"]
[TimeControl "180+1"]
[EndTime "14:18:50 PDT"]
[Termination "vi_pranav won by resignation"]

1. e4 e5 2. Nf3 Nc6 3. Bb5 Nge7 4. Nc3 Ng6 5. h4 Nd4 6. h5 Nf4 7. Nxd4 exd4 8. d3 Qf6 9. Bxf4 dxc3 10. Be3 cxb2 11. Rb1 c6 12. Bc4 Bb4+ 13. Kf1 d6 14. d4 Be6 15. Qd3 Bxc4 16. Qxc4 Ba5 17. Rxb2 Bb6 18. h6 g6 19. a4 Qe6 20. Qxe6+ fxe6 21. a5 Bxa5 22. Rxb7 Bb6 23. Ke2 O-O-O 24. Rg7 Rd7 25. Kd3 Rf8 26. f3 Rff7 27. Rg8+ Rd8 28.
Rg7 Rdd7 29. Rxf7 Rxf7 30. Ra1 Kb7 31. Rb1 Kc7 32. c4 c5 33. d5 e5 34. Ke2 Rf8 35. g3 a5 36. Ra1 Ra8 37. Ra4 Kd7 38. Bd2 Bc7 39. f4 exf4 40. gxf4 Ke7 41. Bc3 Kd7 42. Kf3 Re8 43. Ra3 Rf8 44. Bxa5 Ra8 45. Bb4 Rxa3+ 46. Bxa3 Ba5 47. e5 dxe5 48. fxe5 Bd2 49.
Bxc5 Bxh6 50. e6+ Kc7 51. Be7 Bg7 52. d6+ Kc6 53. d7 1-0

[Event "Late-Titled-Tuesday-Blitz-June-18-2024"]
[Site "Chess.com"]
[Date "2024.06.18"]
[Round "2"]
[White "Chigorinetz"]
[Black "Durarbayli"]
[Result "0-1"]
[WhiteElo "2609"]
[BlackElo "2948"]
[TimeControl "180+1"]
[EndTime "14:18:50 PDT"]
[Termination "Durarbayli won by resignation"]

1. e4 Nc6 2. Nc3 e5 3. Bc4 Nf6 4. d3 Bb4 5. Nf3 d6 6. O-O Bxc3 7. bxc3 O-O 8. Bg5 h6 9. Bh4 Be6 10. Bb3 Kh7 11. Nd2 g5 12. Bg3 Ne7 13. Re1 Ng6 14. Nf1 h5 15. f3 h4 16. Bf2 Nf4 17. Ne3 Rg8 18. Bxe6 fxe6 19. h3 Qd7 20. a4 Qc6 21. Qd2 a5 22. Reb1 b6 23. d4 Rad8 24. Rb5 Ng6 25. Rd1 Rdf8 26. Qe2 Qxc3 27. d5 Nf4 28.
Qf1 exd5 29. exd5 e4 30. Rb3 Qe5 31. Nc4 Qf5 32. Bd4 N6xd5 33. Re1 exf3 34. Qxf3 g4 35. Qf2 Nxh3+ 36. gxh3 gxh3+ 37. Kf1 h2 38. Ke2 Qxc2+ 39.
Nd2 Rxf2+ 40. Bxf2 Re8+ 41. Kf3 Rxe1 0-1

[Event "Late-Titled-Tuesday-Blitz-June-18-2024"]
[Site "Chess.com"]
[Date "2024.06.18"]
[Round "2"]
[White "WilsonPalencia21"]
[Black "alexrustemov"]
[Result "0-1"]
[WhiteElo "2583"]
[BlackElo "2865"]
[TimeControl "180+1"]
[EndTime "14:18:50 PDT"]
[Termination "alexrustemov won on time"]

1. d4 g6 2. c4 Bg7 3. Nf3 c5 4. d5 f5 5. g3 Nf6 6. Bg2 d6 7. O-O O-O 8. Nc3 Na6 9. Ne1 Nc7 10. Nd3 a6 11. a4 b6 12. e4 Rb8 13. e5 Ng4 14.
exd6 exd6 15. h3 Ne5 16. Nxe5 Bxe5 17. Bh6 Re8 18. Qd2 Qf6 19. Bg5 Qf7 20. Bf4 Bd7 21. Bxe5 Rxe5 22. Rfe1 Rbe8 23. Rxe5 Rxe5 24. Re1 Qe7 25.
Rxe5 Qxe5 26. Qe3 Qxe3 27. fxe3 Kg7 28. b3 Kf6 29. Kf2 Ke5 30. Ne2 g5 31. Nc1 Kf6 32. Bf3 h6 33. h4 b5 34. axb5 axb5 35. Be2 b4 36. Bd3 Na8 37. Bc2 Nb6 38. Bd3 Be8 39.
e4 fxe4 40. Bxe4 Nd7 41. Ke3 Ne5 42. Bf3 gxh4 43. gxh4 Bg6 44. Bd1 Bb1 45. Kf4 Ng6+ 46. Kg3 Ke5 47. Be2 Ke4 48. Kg4 Ke3 49. Kh5 Nf4+ 50.
Kxh6 Nxe2 51. Nxe2 Kxe2 52. Kg5 Bc2 53. h5 Bxb3 54.
h6 Bc2 0-1

[Event "Late-Titled-Tuesday-Blitz-June-18-2024"]
[Site "Chess.com"]
[Date "2024.06.18"]
[Round "2"]
[White "th3d4rkness"]
[Black "secretworker2027"]
[Result "0-1"]
[WhiteElo "2206"]
[BlackElo "2663"]
[TimeControl "180+1"]
[EndTime "14:18:51 PDT"]
[Termination "secretworker2027 won on time"]

1. e4 c5 2. Nc3 Nc6 3. Bb5 Nd4 4. Bc4 g6 5. f4 Bg7 6. Nf3 a6 7. a4 Rb8 8. O-O b5 9. axb5 axb5 10. Be2 b4 11.
Nb1 Nf6 12. e5 Nd5 13. Nxd4 cxd4 14. Bc4 Bb7 15. d3 O-O 16. Qe2 e6 17. Bxd5 Bxd5 18. Nd2 d6 19. exd6 Qxd6 20. Ne4 Qc6 21. Bd2 Rfc8 22.
Rfc1 Ra8 23. Rxa8 Rxa8 24. Bxb4 Rb8 25. Ba3 Rc8 26. h3 Qa4 27. Kh1 Qc6 28. Kh2 h6 29. b3 f5 30. Nd6 Rd8 31. Nc4 Qa8 32. Be7 Rd7 33. Bb4 Qb8 34. Bd2 g5 35. Rf1 Bxc4 36.
bxc4 e5 37. fxe5 Qxe5+ 38. Qxe5 Bxe5+ 39. Kg1 Rf7 40. Rb1 Bg3 41. Be1 Bf4 42. Bf2 Rd7 43. Rb5 Kf7 44. Rxf5+ Kg6 45. Rd5 Ra7 46. Bxd4 Ra2 0-1

[Event "Late-Titled-Tuesday-Blitz-June-18-2024"]
[Site "Chess.com"]
[Date "2024.06.18"]
[Round "2"]
[White "Losingexperience"]
[Black "merinasian"]
[Result "1-0"]
[WhiteElo "2743"]
[BlackElo "2397"]
[TimeControl "180+1"]
[EndTime "14:18:51 PDT"]
[Termination "Losingexperience won by resignation"]

1. e4 d6 2. d4 Nd7 3. Nc3 g6 4. Be3 Bg7 5. Nf3 a6 6. Bd3 b5 7. O-O e6 8. h3 Ne7 9. Ne2 h6 10. Ng3 Bb7 11. a4 b4 12. Qd2 c5 13. c3 bxc3 14.
bxc3 Qc7 15. Rfe1 Rc8 16. d5 exd5 17. exd5 Bxd5 18. Bxa6 Ra8 19. Bb5 Bxf3 20. gxf3 O-O 21.
Bxh6 Ne5 22. Kg2 Qb7 23. Be2 Bxh6 24. Qxh6 Nd5 25. Ne4 Qe7 26. Rad1 f5 27. Rxd5 fxe4 28. fxe4 Qf7 29. Rf1 Rxa4 30. c4 Ra2 31. Qe3 Qf6 32. Rfd1 Qh4 33. R1d2 Rxd2 34. Rxd2 g5 35. Rxd6 g4 36.
hxg4 Kg7 37. Qg3 Qg5 38. Rd5 Re8 39. f4 1-0

[Event "Late-Titled-Tuesday-Blitz-June-18-2024"]
[Site "Chess.com"]
[Date "2024.06.18"]
[Round "2"]
[White "VaglioSagan"]
[Black "MYMChessAcademy"]
[Result "1-0"]
[WhiteElo "2489"]
[BlackElo "2225"]
[TimeControl "180+1"]
[EndTime "14:18:51 PDT"]
[Termination "VaglioSagan won by checkmate"]

1. d4 d5 2. c4 e6 3. Nf3 Nf6 4. Nc3 Nbd7 5. e3 c6 6. b3 Be7 7.
Bd3 O-O 8. O-O b6 9. e4 dxe4 10. Nxe4 Nxe4 11. Bxe4 Bb7 12. Qe2 Nf6 13. Bc2 c5 14.
dxc5 Bxc5 15. Bb2 Qe7 16. Ne5 Bd6 17. Rad1 Rfd8 18. Ng4 Nh5 19. Nh6+ gxh6 20. Qxh5 Qg5 21. Qxg5+ hxg5 22. Bf6 Rd7 23. Bxg5 h6 24. Bxh6 f6 25.
Bf4 e5 26. Bf5 Rdd8 27. Bg3 Bc8 28. Be4 Rb8 29. f4 Bc5+ 30. Kh1 Rxd1 31. Rxd1 Bg4 32. Rd5 Be6 33. fxe5 Bxd5 34. Bxd5+ Kh7 35. exf6 Re8 36. h4 Re3 37. Bf4 Re1+ 38. Kh2 Rf1 39. Be5 Rf5 40. Bc3 Bd6+ 41. Kh3 Be5 42. Be4 Bxc3 43. Bxf5+ Kg8 44. Be6+ Kf8 45. f7 Ke7 46. Bd5 Bg7 47. g4 Kf6 48. Kg3 Ke5 49. g5 Kf5 50. Kf3 Kg6 51. Kg4 Kh7 52. Kf5 Bf8 53. Kf6 Kh8 54. h5 Kh7 55. h6 Kh8 56. Ke6 Kh7 57. Be4+ Kh8 58. Kd7 Bxh6 59.
gxh6 b5 60. f8=Q# 1-0

[Event "Late-Titled-Tuesday-Blitz-June-18-2024"]
[Site "Chess.com"]
[Date "2024.06.18"]
[Round "2"]
[White "KNVB"]
[Black "CheckBits"]
[Result "1-0"]
[WhiteElo "2794"]
[BlackElo "2402"]
[TimeControl "180+1"]
[EndTime "14:18:52 PDT"]
[Termination "KNVB won on time"]

1. b3 e5 2. Bb2 Nc6 3. e3 a6 4. Nf3 d6 5. d4 exd4 6. Nxd4 Nxd4 7. Qxd4 Nf6 8. Nc3 Be7 9. O-O-O Be6 10. Be2 d5 11. Bf3 c6 12. g4 Rg8 13. g5 Nd7 14. h4 Qb6 15. Qxb6 Nxb6 16. e4 O-O-O 17. exd5 cxd5 18.
Ne2 h6 19. Rhg1 hxg5 20. hxg5 Nd7 21. Bxd5 Bxd5 22. Rxd5 Nc5 23. Rxd8+ Bxd8 24. Bd4 Ne6 25. Be3 Rh8 26. g6 f5 27. Nd4 f4 28. Nxe6 fxe3 29.
fxe3 Bb6 30. Kd2 Re8 31. Nd4 1-0

[Event "Late-Titled-Tuesday-Blitz-June-18-2024"]
[Site "Chess.com"]
[Date "2024.06.18"]
[Round "2"]
[White "harshu27"]
[Black "divudis17"]
[Result "1-0"]
[WhiteElo "2537"]
[BlackElo "2342"]
[TimeControl "180+1"]
[EndTime "14:18:52 PDT"]
[Termination "harshu27 won on time"]

1. d4 Nf6 2. Bf4 d5 3. Nf3 c5 4. e3 Nc6 5. Nbd2 Qb6 6. dxc5 Qxb2 7. Rb1 Qc3 8. Bb5 g6 9. e4 dxe4 10. Be5 Qa5 11. O-O exf3 12. Nc4 Qd8 13. Qxf3 Bg7 14.
Bxc6+ bxc6 15. Rfd1 Bd7 16. Rb7 Qc8 17. Rc7 Qa6 18. Bxf6 Bxf6 19. Nd6+ Kf8 20. Rxd7 Kg7 21. Ne4 Qxa2 22. h4 h5 23. Nxf6 exf6 24. Qxc6 Rac8 25. Qb7 Rhf8 26. c6 Qxc2 27. c7 a5 28. Qb6 a4 29.
Qd6 Qc4 30. Rd8 1-0

[Event "Late-Titled-Tuesday-Blitz-June-18-2024"]
[Site "Chess.com"]
[Date "2024.06.18"]
[Round "2"]
[White "ArtemDyachuk"]
[Black "SpeedofLight0"]
[Result "1-0"]
[WhiteElo "2650"]
[BlackElo "3028"]
[TimeControl "180+1"]
[EndTime "14:18:53 PDT"]
[Termination "ArtemDyachuk won on time"]

1. e4 g6 2. d4 Bg7 3. c4 c6 4. Nc3 d5 5. cxd5 cxd5 6. exd5 Nf6 7. Bc4 O-O 8. Nf3 Nbd7 9. O-O Nb6 10. Bb3 Nbxd5 11.
Nxd5 Nxd5 12. Ne5 Be6 13. Qf3 Rc8 14. Re1 Qd6 15. Bg5 Bf6 16. Bh6 Rfd8 17. Rad1 Qa6 18. g3 Bg7 19. Bg5 h6 20. Bc1 h5 21.
Re4 Bf5 22. Rh4 e6 23. h3 Nf6 24. g4 Be4 25. Qf4 Bd5 26. g5 Bxb3 27. axb3 Qe2 28. Rf1 Rf8 29. gxf6 Bh8 30. Kg2 1-0

[Event "Late-Titled-Tuesday-Blitz-June-18-2024"]
[Site "Chess.com"]
[Date "2024.06.18"]
[Round "2"]
[White "RichardShtivelband"]
[Black "Aram7Adam"]
[Result "1-0"]
[WhiteElo "2382"]
[BlackElo "2589"]
[TimeControl "180+1"]
[EndTime "14:18:54 PDT"]
[Termination "RichardShtivelband won by checkmate"]

1. Nf3 d5 2. e3 Bg4 3. c4 c6 4. Qb3 Qd7 5. Ne5 Qc7 6. Nxg4 b6 7. d4 dxc4 8. Bxc4 e6 9. Ne5 Bd6 10. f4 b5 11. Bd3 a5 12. Nd2 a4 13. Qc2 f6 14. Nef3 Ne7 15. Ne4 Nd5 16. a3 Be7 17.
Bd2 Na6 18. Rc1 Rc8 19. O-O Qb6 20. Nc5 Nxc5 21. dxc5 Qc7 22. g3 Qa7 23. e4 Nc7 24. Be3 Kf7 25. Rfd1 Rcd8 26. Be2 Na6 27. e5 f5 28.
Ng5+ Bxg5 29. fxg5 g6 30. Rd6 Rxd6 31. exd6 e5 32.
Kg2 Qd7 33. Qc3 Re8 34. Re1 Nb8 35. Bd3 Qe6 36. Kg1 Nd7 37. Bf2 Kg8 38. Bc2 f4 39. b3 Qg4 40. bxa4 bxa4 41. Bxa4 e4 42. Bb3+ Kf8 43. Bd4 Ne5 44. Bxe5 fxg3 45. Bg7# 1-0

[Event "Late-Titled-Tuesday-Blitz-June-18-2024"]
[Site "Chess.com"]
[Date "2024.06.18"]
[Round "2"]
[White "ClauAmura"]
[Black "aot317"]
[Result "0-1"]
[WhiteElo "2348"]
[BlackElo "2544"]
[TimeControl "180+1"]
[EndTime "14:18:55 PDT"]
[Termination "aot317 won on time"]

1. d4 Nf6 2. c4 c5 3. e3 cxd4 4. exd4 g6 5. Nc3 Bg7 6. Nf3 O-O 7. h3 d6 8. Be3 Nbd7 9. Bd3 a6 10. O-O Re8 11. Re1 Rb8 12. Qd2 e5 13. d5 e4 14. Ba7 Ra8 15. Bxe4 Rxa7 16. Bc2 Ra8 17. Ne2 Ne4 18. Qb4 Ndc5 19. Ned4 Bd7 20. Re2 a5 21.
Qe1 Nf6 22. a3 Rxe2 23. Qxe2 Qc7 24. Qd2 Re8 25. b4 Nce4 26. Qd3 axb4 27. axb4 Qb6 28.
Rb1 Nh5 29. c5 dxc5 30. bxc5 Qxc5 31. Rxb7 Qc8 32. Ra7 Nf4 33. Qe3 Nxd5 34. Qb3 Nec3 35. Bd3 Rd8 36. Ba6 Qc5 0-1

[Event "Late-Titled-Tuesday-Blitz-June-18-2024"]
[Site "Chess.com"]
[Date "2024.06.18"]
[Round "2"]
[White "dennisodessa"]
[Black "Rsnr"]
[Result "0-1"]
[WhiteElo "2598"]
[BlackElo "2899"]
[TimeControl "180+1"]
[EndTime "14:18:56 PDT"]
[Termination "Rsnr won on time"]

1. d4 d5 2. c4 c6 3. Nf3 Nf6 4. Nbd2 Bf5 5. Nh4 Be4 6. f3 Bg6 7. Qb3 Nbd7 8. Nxg6 hxg6 9. Qxb7 e5 10. cxd5 cxd5 11.
dxe5 Nxe5 12. e4 Bc5 13. Nb3 Rb8 14. Qa6 Bb4+ 15. Bd2 Bxd2+ 16. Nxd2 O-O 17. O-O-O Rc8+ 18. Kb1 dxe4 19. fxe4 Qc7 20. Qa4 Rfd8 21. Ba6 Rb8 22. Nc4 Nxe4 23. Ka1 Rxd1+ 24. Rxd1 Nc5 25. Qa3 Nxa6 26.
Qxa6 Qxc4 27. Qxa7 Rc8 28. a3 Nd3 29. Rb1 Nc1 0-1

[Event "Late-Titled-Tuesday-Blitz-June-18-2024"]
[Site "Chess.com"]
[Date "2024.06.18"]
[Round "2"]
[White "marvinguevara"]
[Black "patzer-reloaded"]
[Result "0-1"]
[WhiteElo "2147"]
[BlackElo "2463"]
[TimeControl "180+1"]
[EndTime "14:18:56 PDT"]
[Termination "patzer-reloaded won by resignation"]

1. e4 d6 2. d4 Nf6 3. Nc3 g6 4. f4 Bg7 5. Nf3 O-O 6. e5 dxe5 7. fxe5 Nd5 8. Bc4 Nxc3 9. bxc3 c5 10. O-O Bg4 11.
h3 Bxf3 12. Rxf3 Nc6 13. Be3 Rc8 14. Qf1 e6 15. Rb1 cxd4 16. cxd4 Na5 17. Bd3 Qd5 18.
Rb5 Qxa2 19. Bd2 Nc4 20. Bxc4 Qxc4 21. Qxc4 Rxc4 22. Rxb7 Rxd4 23. Bb4 Rxb4 24. Rxb4 Bxe5 25. Ra4 Rc8 26. c4 f5 27. Kf1 Bd4 28. Rd3 e5 29. Rb3 Rc7 30. Ke2 Kf7 31. Rab4 Bb6 32. Rd3 Ke6 33. Rd5 e4 34. Rdb5 f4 35. c5 Rxc5 36. Rxe4+ Kf5 37. Rxc5+ Bxc5 38. Rc4 Be3 39. Kf3 h5 40. Rc6 g5 41. Ra6 g4+ 42. Ke2 Bb6 43. Ra4 Kg5 44. Rb4 f3+ 45. gxf3 gxh3 46. Rc4 h2 47. Rc1 Bg1 48. Rxg1+ 0-1

[Event "Late-Titled-Tuesday-Blitz-June-18-2024"]
[Site "Chess.com"]
[Date "2024.06.18"]
[Round "2"]
[White "Matalon"]
[Black "Rashad_Zeynalli"]
[Result "0-1"]
[WhiteElo "2466"]
[BlackElo "2738"]
[TimeControl "180+1"]
[EndTime "14:18:57 PDT"]
[Termination "Rashad_Zeynalli won by resignation"]

1. e4 e5 2. Nf3 Nc6 3. Bb5 a6 4.
Ba4 Nf6 5. d4 exd4 6. O-O Be7 7.
e5 Ne4 8. Nxd4 Nc5 9. Nf5 g6 10.
Nxe7 Qxe7 11. Bxc6 dxc6 12. Bh6 Ne6 13. Nc3 Bd7 14. Ne4 O-O-O 15. c3 g5 16. Qh5 Rhg8 17. g3 c5 18. Nf6 Rg6 19. Nd5 Qe8 20. Nf6 Qh8 21.
h4 gxh4 22. Qxh4 Bc6 23. Rad1 Bf3 24. Rd2 Rxd2 25. Bxd2 Qd8 26. Be3 h6 27. Qc4 Qe7 28. b4 b5 29. Qh4 c4 30. a4 Qd8 31. axb5 axb5 32. Qh3 Qd3 33. Nh5 Kb7 34. Nf4 Nxf4 35.
Bxf4 Ra6 36. Qh5 Bxh5 0-1